 Dungeon Crawl Stone Soup version 0.23.2-40-g277498a001 (webtiles) character file.

Game seed: 16249932213241437425

226774 DildoBatman the Necromancer (level 20, -7/139 (147) HPs)
             Began as a Formicid Wizard on Sept 11, 2019.
             Was an Initiate of Gozag.
             Mangled by a titanic slime creature (58 damage)
             ... on level 4 of the Swamp.
             The game lasted 02:29:06 (33288 turns).

DildoBatman the Necromancer (Formicid Wizard)      Turns: 33288, Time: 02:29:06

HP:   -7/139 (147)  AC: 23    Str: 23    XL:     20   Next: 14%
MP:   25/46         EV: 28    Int: 32    God:    Gozag
Gold: 7272          SH: 22    Dex:  9    Spells: 3/45 levels left

rFire    + . .     SeeInvis +   a - +9 spear "Lilynud" {freeze, Fragile rF+ rN+}
rCold    + . .     Gourm    .   V - +2 large shield
rNeg     + + .     Faith    .   F - +5 scale mail of Yggah {*Contam rPois Regen+ Slay+2}
rPois    +         Spirit   .   (helmet unavailable)
rElec    .         Reflect  .   c - +2 cloak {+Inv}
rCorr    .         Harm     .   e - +2 pair of gloves
MR       ++...                  j - +2 pair of boots "Kaamaas" {rC+ rN+}
Stlth    ..........             K - amulet of Naimiyx {Acrobat Fragile MP+9 Str+8 Int+2}
HPRegen  1.13/turn              S - +2 ring of intelligence
MPRegen  0.30/turn              B - ring of wizardry

@: gold aura, acrobat, very slightly contaminated, very slow
A: permanent stasis, dig shafts and tunnels, four strong arms, antennae 3,
clever 1, regeneration 1, strong 1
}: 1/15 runes: serpentine
a: Dig, Shaft Self, Potion Petition, Call Merchant, Bribe Branch, Renounce
Religion, Evoke Invisibility


You were on level 4 of the Swamp.
You worshipped Gozag.
Gozag was greatly pleased with you.
You were full.

You visited 6 branches of the dungeon, and saw 32 of its levels.
You also visited: Gauntlet.

You collected 10697 gold pieces.
You spent 2835 gold pieces at shops.
You paid 590 gold pieces to Gozag.

Inventory:

Hand Weapons
 a - the +9 spear "Lilynud" (weapon) {freeze, Fragile rF+ rN+}
   (You bought it in a shop on level 2 of the Orcish Mines)

   It has been specially enchanted to freeze those struck by it, causing extra
   injury to most foes and up to half again as much damage against particularly
   susceptible opponents.
   It can also slow down cold-blooded creatures.
   It protects you from fire.
   It protects you from negative energy.
   It will be destroyed if unequipped.
Missiles
 M - 2 throwing nets (quivered)
Armour
 c - a +2 cloak of invisibility (worn)
 e - a +2 pair of gloves (worn)
 j - the +2 pair of boots "Kaamaas" (worn) {rC+ rN+}
   (You bought it in a shop on level 1 of the Orcish Mines)

   It protects you from cold.
   It protects you from negative energy.
 F - the +5 scale mail of Yggah (worn) {*Contam rPois Regen+ Slay+2}
   (You found it on level 7 of the Dungeon)

   It affects your accuracy and damage with ranged weapons and melee attacks
   (+2).
   It protects you from poison.
   It causes magical contamination when unequipped.
   It increases your rate of regeneration.
 V - a +2 large shield (worn)
Jewellery
 B - a ring of wizardry (right hand)
 I - a +3 ring of dexterity
 K - the amulet of Naimiyx (around neck) {Acrobat Fragile MP+9 Str+8 Int+2}
   (You found it in a Gauntlet)

   [amulet of the acrobat]

   It helps you evade while moving and waiting.
   It affects your strength (+8).
   It affects your intelligence (+2).
   It affects your magic capacity (+9).
   It will be destroyed if unequipped.
 L - an uncursed ring of protection from cold
 P - an uncursed ring of protection from cold
 S - a +2 ring of intelligence (left hand)
Wands
 f - a wand of clouds (3)
 o - a wand of iceblast (7)
 A - a wand of acid (23)
 O - a wand of disintegration (9)
 R - a wand of paralysis (30)
 T - a wand of scattershot (2)
Scrolls
 h - a scroll of enchant armour
 i - a scroll of silence {unknown}
 k - 3 scrolls of fog
 p - 5 scrolls of immolation
 q - a scroll of amnesia
 x - 13 scrolls of remove curse
 z - 19 scrolls of identify
 C - 10 scrolls of magic mapping
 G - 3 scrolls of fear
 H - 2 scrolls of summoning
Potions
 b - 3 potions of mutation
 g - 5 potions of flight
 s - 4 potions of magic
 u - 3 potions of resistance
 w - 4 potions of brilliance
 y - 2 potions of might
 D - 5 potions of agility
 J - 11 potions of curing
 N - 2 potions of heal wounds
Miscellaneous
 d - a lamp of fire
 l - a lightning rod (4/4)
 U - a phial of floods
 X - a box of beasts
 Z - a fan of gales
Comestibles
 v - 34 rations


   Skills:
 - Level 10.0 Fighting
 - Level 5.0 Polearms
 - Level 9.0 Armour
 - Level 7.0 Dodging
 - Level 2.4 Stealth
 - Level 15.0 Shields
 - Level 13.3 Spellcasting
 - Level 6.0 Conjurations
 - Level 0.2 Charms
   Level 1.0 Summonings
 - Level 19.0 Necromancy
   Level 0.8 Translocations
 * Level 4.5 Transmutations
 - Level 4.1 Fire Magic
 - Level 0.2 Ice Magic
 - Level 4.3 Air Magic
 - Level 12.0 Earth Magic
 - Level 6.0 Poison Magic
 - Level 6.1 Evocations


You had 3 spell levels left.
You knew the following spells:

 Your Spells              Type           Power        Failure   Level  Hunger
a - Conjure Flame         Conj/Fire      ######..     1%          3    None
b - Borgnjor's Vile Clut  Necr/Erth      #######...   1%          5    None
c - Magic Dart            Conj           ####         1%          1    None
d - Vampiric Draining     Necr           #######...   0%          3    None
e - Mephitic Cloud        Conj/Pois/Air  ######..     1%          3    None
f - Necromutation         Tmut/Necr      #######...   65%         8    #######
g - Shatter               Erth           #######...   100%        9    #######
h - Dispel Undead         Necr           #######.     1%          5    None
i - Ozocubu's Armour      Chrm/Ice       ###.....     5%          3    None
z - Sublimation of Blood  Necr           #######...   0%          2    None

Your spell library contained the following spells:

 Spells                   Type           Power        Failure   Level  Hunger
 Animate Skeleton         Necr           N/A          0%          1    None
 Pain                     Necr           ####         0%          1    None
 Confusing Touch          Hex            ###...       1%          1    None
 Corona                   Hex            ###....      1%          1    None
 Flame Tongue             Conj/Fire      #####        1%          1    None
 Freeze                   Ice            ###.         1%          1    None
 Summon Small Mammal      Summ           ####         1%          1    None
 Call Imp                 Summ           ####....     1%          2    None
 Passwall                 Tmut/Erth      ######..     1%          2    None
 Searing Ray              Conj           ######       1%          2    None
 Swiftness                Chrm/Air       #####...     1%          2    None
 Throw Flame              Conj/Fire      ######       1%          2    None
 Throw Frost              Conj/Ice       #####.       1%          2    None
 Dazzling Spray           Conj/Hex       #####.       1%          3    None
 Ensorcelled Hibernation  Hex/Ice        ###...       2%          2    None
 Inner Flame              Hex/Fire       ####....     2%          3    None
 Slow                     Hex            ###.....     3%          2    None
 Call Canine Familiar     Summ           ####....     4%          3    None
 Gell's Gravitas          Tloc           ####......   4%          3    None
 Recall                   Summ/Tloc      N/A          4%          3    None
 Summon Guardian Golem    Hex/Summ       ###.....     4%          3    None
 Confuse                  Hex            ###.....     6%          3    None
 Tukima's Dance           Hex            ###.....     6%          3    None
 Animate Dead             Necr           N/A          0%          4    None
 Iskenderun's Mystic Bla  Conj           ######..     1%          4    None
 Leda's Liquefaction      Hex/Erth       ######....   1%          4    None
 Petrify                  Tmut/Erth      ######..     1%          4    None
 Agony                    Necr           #######.     1%          5    None
 Lee's Rapid Deconstruct  Erth           #######...   1%          5    None
 Death Channel            Necr           #######...   1%          6    ####...
 Sticky Flame             Conj/Fire      ######..     2%          4    None
 Bolt of Magma            Conj/Fire/Erth ######....   2%          5    None
 Force Lance              Conj/Tloc      #####...     4%          4    None
 Throw Icicle             Conj/Ice       #####...     5%          4    None
 Borgnjor's Revivificati  Necr           #######...   5%          8    #######
 Infestation              Necr           #######...   5%          8    #######
 Fulminant Prism          Conj/Hex       #####.....   6%          4    None
 Summon Lightning Spire   Summ/Air       #####...     6%          4    None
 Simulacrum               Ice/Necr       ######....   6%          6    ####...
 Fireball                 Conj/Fire      ######....   7%          5    None
 Ice Form                 Ice/Tmut       #####...     8%          4    None
 Iron Shot                Conj/Erth      ######....   8%          6    ####...
 Statue Form              Tmut/Erth      ######...    10%         6    ####...
 Passage of Golubria      Tloc           N/A          13%         4    None
 Summon Ice Beast         Ice/Summ       ####....     16%         4    None
 Yara's Violent Unravell  Hex/Tmut       #####.....   21%         5    None
 Silence                  Hex/Air        #####.....   22%         5    None
 Haunt                    Necr/Summ      ######....   26%         7    #####..
 Aura of Abjuration       Summ           ####......   32%         5    None
 Summon Demon             Summ           ####......   32%         5    None
 Summon Forest            Summ/Tloc      ####......   32%         5    None
 Summon Mana Viper        Hex/Summ       ###.....     38%         5    None
 Metabolic Englaciation   Hex/Ice        ###.......   43%         5    None
 Freezing Cloud           Conj/Ice/Air   #####.....   52%         6    ####...
 Bolt of Cold             Conj/Ice       #####.....   58%         6    ####...
 Shadow Creatures         Summ           N/A          86%         6    ####...
 Dispersal                Tloc           ####......   87%         6    ####...
 Death's Door             Chrm/Necr      ######....   91%         8    #######
 Ozocubu's Refrigeration  Ice            ###.......   92%         6    ####...
 Darkness                 Hex            ###.......   95%         6    ####...
 Invisibility             Hex            ###.....     95%         6    ####...
 Blink                    Tloc           Unusable     N/A         2    N/A

Dungeon Overview and Level Annotations

Branches:
Dungeon (15/15)            Temple (1/1) D:4            Lair (6/6) D:8
  Swamp (4/4) Lair:3        Snake (4/4) Lair:3        Slime (0/5) Lair:5
    Orc (2/2) D:10            Elf (0/3) Orc:2        Vaults (0/5) D:13
 Depths (0/5) D:15

Altars:
Ashenzari
Cheibriados
Dithmenos
Elyvilon
Fedhas
Gozag
Hepliaklqana
Kikubaaqudgha
Makhleb
Nemelex Xobeh
Okawaru
Qazlal
Ru
Sif Muna
Trog
Uskayaw
Vehumet
Wu Jian
Xom
Yredelemnul
Zin
The Shining One

Shops:
D:12 :(=   D:15 ?![   Orc:1 [   Orc:2 :[*(   Snake:3 (   Snake:4 ?


Innate Abilities, Weirdness & Mutations

You cannot be hasted, slowed, berserked, paralysed or teleported.
You can dig through walls and to a lower floor.
Your four strong arms can wield two-handed weapons with a shield.
You have a pair of large antennae on your head. (SInv)
Your mind is acute. (Int +2)
Your natural rate of healing is unusually fast.
Your muscles are strong. (Str +2)


Message History

The slime creature closely misses you.
You puncture the slime creature! You freeze the slime creature.
The slime creature is almost dead.
The slime creature is engulfed in blazing flames.
You kill the slime creature!
Two slime creatures merge to form a large slime creature.
You puncture the large slime creature! You freeze the large slime creature.
The large slime creature is heavily wounded.
The titanic slime creature hits you!!!!
Ouch! That really hurt!
The large slime creature is engulfed in blazing flames.
You block the large slime creature's attack.
You enter the shallow water.
Moving in this stuff is going to be slow.
The large slime creature is engulfed in blazing flames.
The titanic slime creature hits you!!!
You die...
Your body crumbles into a pile of gold.

♣♣♣♣♣♣ ♣♣♣♣♣ ♣♣[.≈.♣ ♣♣♣...♣♣
♣..≈≈≈♣♣♣♣≈.≈≈.≈♣
♣...≈≈≈♣♣≈..≈≈.≈♣♣♣
♣♣♣♣♣≈.≈♣.≈.≈...≈♣♣.♣♣ ♣♣♣♣
♣♣≈.≈....≈.≈.♣♣♣♣♣)..≈♣♣♣♣..§
♣≈...≈≈≈≈..≈§♣≈.J.≈≈.≈..≈.≈≈.
♣≈...≈≈≈≈≈≈§@♣J..≈≈≈≈≈≈≈≈.≈≈≈
♣♣...≈≈≈≈≈≈JJ♣§.≈X≈≈≈≈≈≈≈..≈.
♣≈.≈≈≈≈≈≈..§§X.≈.♣♣♣§≈≈≈≈≈≈≈≈
♣♣.≈≈≈≈≈≈≈≈.§≈§≈.♣ ♣.≈≈≈≈..≈≈
♣.≈≈≈≈≈≈≈≈♣≈.≈≈≈≈≈≈♣≈≈≈≈....
♣♣..≈≈≈≈≈..♣≈≈≈≈≈♣♣♣♣...≈..§
♣.≈≈≈≈...♣♣♣♣..♣.≈♣♣♣♣≈....
♣.≈≈≈≈.♣♣♣ ≈♣♣≈...♣♣.≈≈≈§≈
♣♣♣♣♣?≈≈≈.≈♣♣♣
♣♣♣♣.≈≈.♣.≈≈≈.≈


You could see a titanic slime creature, a large slime creature and a large
abomination.

Vanquished Creatures
  Nikola (Swamp:4)
  Jorgrun (Snake:3)
  The ghost of Pas Vaeh the Markscentaur, an adept CeAM of Okawaru (Snake:1)
  Kirke (Swamp:2)
  The ghost of kmx the Thaumaturge, an adept GnWz of the Shining One (Swamp:3)
  4 thorn hunters
  Donald (Snake:1)
  8 nagarajas
  The ghost of Kicir the Blocker, an adept GnFi of Okawaru (Snake:1)
  The ghost of Hylith the Severer, an adept FoFi of Okawaru (Snake:1)
  A cacodemon (Gauntlet)
  An orc warlord (Orc:2)
  Aizul (Swamp:1)
  A stone giant (Orc:2)
  A minotaur (Gauntlet)
  Azrael (D:13)
  A death ooze (Gauntlet)
  A green death (Swamp:4)
  23 hydras
  4 vault guards (D:13)
  A merfolk avatar (Lair:6)
  21 naga warriors
  3 ghost crabs
  4 shambling mangroves
  A death knight (D:15)
  12 anacondas
  A catoblepas (Lair:6)
  6 two-headed ogres
  6 centaur warriors
  6 death yaks (Lair:5)
  3 orc high priests (Orc:2)
  2 tengu warriors (D:14)
  14 alligators
  Urug (D:10)
  9 naga sharpshooters
  5 shock serpents
  2 skeletal warriors (D:15)
  A salamander mystic (Snake:4)
  3 unseen horrors
  9 swamp dragons
  A flayed ghost (D:15)
  2 spriggan druids (Swamp:4)
  14 naga ritualists
  4 orc knights (Orc:2)
  A spectral hydra (Swamp:3)
  A necromancer (D:15)
  2 harpies (Lair:6)
  16 mana vipers
  3 cyclopes
  A deep elf mage (D:14)
  4 oklob plants (Lair:4)
  A fire giant zombie (D:15)
  9 salamanders
  10 ugly things
  3 manticores
  6 elephants (Lair:6)
  2 guardian serpents
  An ice statue (Gauntlet)
  38 black mambas
  22 naga magi
  A molten gargoyle (Lair:3)
  4 gargoyles
  2 death yak zombies (Lair:4)
  20 spiny frogs
  3 rime drakes
  12 komodo dragons
  3 kobold demonologists
  6 trolls
  9 tyrant leeches
  A death yak skeleton (Lair:3)
  6 meliai
  A harpy zombie (D:15)
  2 hydra skeletons (Lair:1)
  A jumping spider (shapeshifter) (D:14)
  Grinder (D:6)
  4 polar bears (Lair:6)
  A wind drake (Lair:6)
  11 hornets
  21 slime creatures
  Prince Ribbit (D:9)
  6 bog bodies
  4 blink frogs (Lair:5)
  An ice dragon zombie (D:15)
  14 hippogriffs
  A fire dragon zombie (D:15)
  3 dream sheep
  A spriggan zombie (D:15)
  3 spriggans
  Sigmund (D:6)
  4 wyverns
  3 fire elementals (D:13)
  2 black mamba skeletons (Lair:1)
  6 shadows
  A vampire (D:10)
  8 basilisks
  3 hogs (Swamp:3)
  A large abomination (Swamp:4)
  4 wraiths
  29 yaks
  28 vampire mosquitoes
  2 hungry ghosts
  Menkaure (D:6)
  16 insubstantial wisps
  5 wargs (Orc:2)
  A deep troll zombie (D:15)
  3 elf zombies
  41 nagas
  An acid dragon (D:12)
  A spiny frog zombie (Lair:4)
  11 water moccasins
  16 swamp worms
  A soldier ant (D:13)
  3 hell hounds (D:13)
  7 porcupines
  8 swamp drakes
  2 sky beasts
  4 ice beasts
  3 black bears
  A hornet zombie (D:14)
  29 orc warriors
  An eye of draining (D:11)
  2 necrophages
  5 boggarts (D:14)
  13 ogres
  A manticore skeleton (D:15)
  2 torpor snail zombies (Lair:4)
  2 wolves
  23 centaurs
  A dream sheep skeleton (Lair:1)
  15 crocodiles
  8 big kobolds
  13 bullfrogs
  A gnoll sergeant (D:5)
  A komodo dragon skeleton (Lair:1)
  A water moccasin zombie (Lair:4)
  2 wyvern zombies
  3 scorpions
  2 wyvern skeletons
  4 water moccasin skeletons
  A small abomination (Swamp:4)
  14 killer bees
  2 swamp dragon simulacra (Swamp:3)
  A troll skeleton (D:15)
  2 electric eels
  9 howler monkeys
  8 crimson imps
  A bullfrog zombie (D:12)
  A centaur zombie (D:7)
  13 hounds
  17 jellies
  A gnoll shaman (D:10)
  9 orc priests
  Crazy Yiuf (D:2)
  A basilisk skeleton (Lair:3)
  2 bullfrog skeletons (D:8)
  14 orc wizards
  5 iguanas
  3 centaur skeletons
  9 worker ants
  A porcupine skeleton (Lair:1)
  2 crocodile zombies (Lair:4)
  A sky beast zombie (D:14)
  An acid dragon skeleton (D:15)
  A hound zombie (D:10)
  A crocodile skeleton (Lair:1)
  A hound skeleton (D:4)
  A howler monkey zombie (D:7)
  3 worker ant zombies
  11 gnolls
  11 adders
  A howler monkey skeleton (D:4)
  3 shadow imps
  3 oozes
  2 adder zombies
  5 adder skeletons
  4 worms
  4 dart slugs (D:1)
  13 leopard geckos
  62 orcs
  A ball python (D:8)
  A bat skeleton (D:15)
  5 giant cockroaches
  10 goblins
  9 hobgoblins
  15 jackals
  6 quokkas
  5 bats
  4 frilled lizards
  A frilled lizard zombie (D:15)
  A hobgoblin zombie (D:14)
  A jackal zombie (D:14)
  31 kobolds
  A kobold zombie (D:14)
  2 leopard gecko skeletons
  An orc skeleton (D:15)
  A quokka skeleton (D:5)
  6 rats
  A rat zombie (D:14)
  A demonic plant (Gauntlet)
  4 fungi
  11 plants
  A withered plant (D:15)
1159 creatures vanquished.

Vanquished Creatures (others)
  A naga warrior (Snake:4)
  A spiny frog (Lair:6)
  2 electric eels (D:8)
  2 orc wizards
  A demonic plant (Gauntlet)
  13 fungi
  12 plants
  9 toadstools (Swamp:1)
  3 withered plants (Snake:1)
44 creatures vanquished.

Grand Total: 1203 creatures vanquished

Notes
Turn   | Place    | Note
-------+----------+-------------------------------------------
     0 | D:1      | DildoBatman the Formicid Wizard began the quest for the
                  | Orb.
     0 | D:1      | Reached XP level 1. HP: 13/13 MP: 4/4
     6 | D:1      | Reached skill level 1 in Conjurations
   155 | D:1      | Reached XP level 2. HP: 19/19 MP: 3/6
   502 | D:1      | Reached XP level 3. HP: 24/24 MP: 1/7
   507 | D:1      | Learned a level 3 spell: Conjure Flame
   511 | D:1      | Learned a level 3 spell: Mephitic Cloud
  1195 | D:2      | Reached XP level 4. HP: 30/30 MP: 0/8
  1748 | D:2      | Reached XP level 5. HP: 19/35 MP: 0/9
  1934 | D:2      | Found a runed translucent door.
  1935 | D:2      | Noticed Crazy Yiuf
  3214 | D:4      | Reached skill level 5 in Conjurations
  3214 | D:4      | Reached XP level 6. HP: 35/41 MP: 2/10
  3863 | D:4      | Found a staircase to the Ecumenical Temple.
  3872 | Temple   | Entered the Ecumenical Temple
  3878 | Temple   | Became a worshipper of Kikubaaqudgha
  4161 | D:4      | Reached XP level 7. HP: 46/46 MP: 9/11
  4215 | D:4      | Reached skill level 1 in Poison Magic
  4448 | D:4      | Reached skill level 1 in Fire Magic
  4740 | D:2      | Killed Crazy Yiuf
  4740 | D:2      | Reached skill level 1 in Air Magic
  4856 | D:5      | Entered Level 5 of the Dungeon
  5208 | D:5      | Found an ornate altar of the Wu Jian Council.
  5307 | D:5      | Reached skill level 1 in Polearms
  5400 | D:5      | Reached XP level 8. HP: 46/52 MP: 4/12
  5864 | D:6      | Reached * piety under Kikubaaqudgha
  5864 | D:6      | Identified Kikubaaqudgha's Collected Works on Stolen Souls
                  | (Kikubaaqudgha gifted it to you on level 6 of the Dungeon)
  5864 | D:6      | Received a gift from Kikubaaqudgha
  5921 | D:6      | Noticed Sigmund
  5932 | D:6      | Killed Sigmund
  5932 | D:6      | Reached skill level 5 in Poison Magic
  6019 | D:6      | Reached XP level 9. HP: 57/57 MP: 8/13
  6135 | D:6      | Noticed Grinder
  6198 | D:6      | Noticed Menkaure
  7205 | D:7      | Got a faintly humming scale mail
  7209 | D:7      | Reached skill level 5 in Spellcasting
  7686 | D:8      | Found a staircase to the Lair.
  7686 | D:8      | Noticed a troll
  7700 | D:8      | Killed a troll
  7745 | D:8      | Reached skill level 1 in Fighting
  7776 | D:8      | Reached XP level 10. HP: 62/70 MP: 6/20
  7828 | D:8      | Reached ** piety under Kikubaaqudgha
  7909 | D:8      | Reached skill level 5 in Fighting
  7934 | D:8      | Reached skill level 1 in Armour
  8646 | D:8      | Reached skill level 5 in Armour
  8665 | D:8      | Reached skill level 1 in Shields
  8850 | D:8      | Noticed a three-headed hydra
  8961 | D:8      | Killed a one-headed hydra
  8961 | D:8      | Reached *** piety under Kikubaaqudgha
  8961 | D:8      | Identified Kikubaaqudgha's Tome of Dark Magic
                  | (Kikubaaqudgha gifted it to you on level 8 of the Dungeon)
  8961 | D:8      | Received a gift from Kikubaaqudgha
  8961 | D:8      | Reached skill level 5 in Shields
  8978 | D:8      | Identified the +5 scale mail of Yggah {*Contam rPois Regen+
                  | Slay+2} (You found it on level 7 of the Dungeon)
  9037 | D:9      | Found a deep blue altar of Sif Muna.
  9100 | D:9      | Noticed Prince Ribbit
  9109 | D:9      | Killed Prince Ribbit
  9109 | D:9      | Reached XP level 11. HP: 79/79 MP: 15/21
  9143 | D:9      | Noticed a two-headed ogre
  9182 | D:9      | Killed a two-headed ogre
  9404 | D:9      | Found a shadowy altar of Dithmenos.
  9406 | D:9      | Found a shattered altar of Ashenzari.
  9406 | D:9      | Found a stormy altar of Qazlal.
  9409 | D:9      | Found a glowing silver altar of Zin.
  9411 | D:9      | Found a hide-covered altar of Uskayaw.
  9822 | D:9      | Learned a level 5 spell: Borgnjor's Vile Clutch
  9828 | D:9      | Learned a level 5 spell: Dispel Undead
  9831 | D:9      | Learned a level 2 spell: Sublimation of Blood
  9835 | D:9      | Learned a level 3 spell: Vampiric Draining
  9956 | D:6      | Killed Grinder
  9956 | D:6      | Reached skill level 1 in Earth Magic
 10043 | D:6      | Killed Menkaure
 10043 | D:6      | Reached skill level 1 in Necromancy
 10197 | D:10     | Entered Level 10 of the Dungeon
 10197 | D:10     | Noticed a two-headed ogre
 10269 | D:10     | Noticed an unseen horror
 10280 | D:10     | Killed an unseen horror
 10280 | D:10     | Reached **** piety under Kikubaaqudgha
 10306 | D:10     | Reached skill level 2 in Necromancy
 10405 | D:10     | Killed a two-headed ogre
 10513 | D:10     | Noticed Urug
 10535 | D:10     | Killed Urug
 10535 | D:10     | Reached skill level 3 in Necromancy
 10606 | D:10     | Learned a level 3 spell: Ozocubu's Armour
 11063 | D:10     | Reached skill level 4 in Necromancy
 11074 | D:10     | Reached skill level 5 in Earth Magic
 11138 | D:10     | Found a staircase to the Orcish Mines.
 11245 | D:10     | Reached XP level 12. HP: 86/86 MP: 10/23
 11300 | D:10     | Gained mutation: Scrolls take you a little longer to read.
                  | [potion of mutation]
 11300 | D:10     | Gained mutation: You are weak. (Str -2) [potion of
                  | mutation]
 11300 | D:10     | Gained mutation: Your spells are a little easier to cast,
                  | but a little less powerful. [potion of mutation]
 11300 | D:10     | Gained mutation: You evolve. [potion of mutation]
 11449 | D:11     | Noticed a centaur warrior
 11480 | D:11     | Reached skill level 5 in Necromancy
 11492 | D:11     | Killed a centaur warrior
 11759 | D:11     | Gained mutation: You are resistant to hostile enchantments.
                  | (MR+) [evolution]
 11963 | D:11     | Reached ***** piety under Kikubaaqudgha
 12341 | Orc:1    | Entered Level 1 of the Orcish Mines
 12341 | Orc:1    | Found Sourphum's Antique Armour Boutique.
 12543 | Orc:2    | Entered Level 2 of the Orcish Mines
 12568 | Orc:2    | Reached skill level 6 in Necromancy
 12590 | Orc:2    | Noticed a stone giant
 12689 | Orc:2    | Found Yjorghiy's Book Emporium.
 12752 | Orc:2    | Found a staircase to the Elven Halls.
 13031 | Orc:2    | Noticed an orc high priest
 13040 | Orc:2    | Reached skill level 7 in Necromancy
 13049 | Orc:2    | Noticed a sun demon
 13057 | Orc:2    | Killed an orc high priest
 13114 | Orc:2    | Noticed an orc warlord
 13138 | Orc:2    | Killed an orc warlord
 13138 | Orc:2    | Reached skill level 8 in Necromancy
 13151 | Orc:2    | Noticed an orc high priest
 13167 | Orc:2    | Noticed a sun demon
 13167 | Orc:2    | Killed an orc high priest
 13190 | Orc:2    | Reached skill level 9 in Necromancy
 13228 | Orc:2    | Reached XP level 13. HP: 77/91 MP: 1/24
 13240 | Orc:2    | Reached skill level 10 in Shields
 13357 | Orc:2    | Killed a stone giant
 13384 | Orc:2    | Found Wiaphefeu's Antique Weapon Shoppe.
 13498 | Orc:2    | Found Naniocef's General Store.
 13619 | Orc:2    | Found Uruzey's Antique Armour Shoppe.
 14190 | D:12     | Found Suxty's Book Emporium.
 14359 | D:12     | Found Lunui's Weapon Shoppe.
 14457 | D:12     | Reached ****** piety under Kikubaaqudgha
 14507 | D:11     | Received a gift from Kikubaaqudgha
 14512 | D:11     | Fell from the grace of Kikubaaqudgha
 14715 | Temple   | Became a worshipper of Gozag Ym Sagoz the Greedy
 14884 | Orc:2    | Bought a scroll of identify for 34 gold pieces
 14884 | Orc:2    | Bought a potion of resistance for 170 gold pieces
 14895 | Orc:2    | Bought a warped spear for 224 gold pieces
 14895 | Orc:2    | Identified the +9 spear "Lilynud" {freeze, Fragile rF+ rN+}
                  | (You bought it in a shop on level 2 of the Orcish Mines)
 14928 | Orc:1    | Bought a faintly glowing cloak for 285 gold pieces
 14938 | Orc:1    | Identified the +0 cloak of Grace {Dex+3} (You bought it in
                  | a shop on level 1 of the Orcish Mines)
 14939 | Orc:1    | Bought a pair of fine boots for 285 gold pieces
 14949 | Orc:1    | Identified the +2 pair of boots "Kaamaas" {rC+ rN+} (You
                  | bought it in a shop on level 1 of the Orcish Mines)
 15058 | D:12     | You fall through a shaft for 2 floors!
 15285 | D:13     | Noticed a vault guard
 15293 | D:13     | Noticed a vault guard
 15303 | D:13     | Killed a vault guard
 15347 | D:13     | Killed a vault guard
 15348 | D:13     | Noticed a centaur warrior
 15364 | D:13     | Killed a centaur warrior
 15433 | D:13     | Noticed a vault guard
 15441 | D:13     | Killed a vault guard
 15472 | D:13     | Noticed Azrael
 15493 | D:13     | Killed Azrael
 15514 | D:13     | Reached XP level 14. HP: 57/96 MP: 8/25
 15523 | D:13     | Reached skill level 15 in Shields
 15560 | D:13     | Found a gate to the Vaults.
 15691 | D:13     | Found a portal to a secret trove of treasure.
 16485 | D:14     | Reached skill level 5 in Dodging
 16519 | D:14     | Identified the +7 trident "Qoafotef" {flame, Str+2 Dex+2
                  | Stlth+}
 17294 | D:14     | Reached skill level 5 in Polearms
 17924 | D:12     | Found Myuxy's Jewellery Emporium.
 17946 | D:12     | Bought an uncursed amulet of regeneration for 330 gold
                  | pieces
 18066 | D:15     | Entered Level 15 of the Dungeon
 18104 | D:15     | Found Zufogeang's Magic Scroll Shoppe.
 18117 | D:15     | Found Teuk's Antique Armour Emporium.
 18223 | D:15     | Lost mutation: You are weak. (Str -2) [evolution]
 18228 | D:15     | Found Eqos's Distillery.
 18308 | D:15     | Found a gate leading to a gauntlet.
 18334 | Gauntlet | Entered a Gauntlet
 18334 | Gauntlet | Found a transporter.
 18334 | Gauntlet | Found a transporter.
 18338 | Gauntlet | Found a transporter.
 18338 | Gauntlet | Found a transporter.
 18347 | Gauntlet | Found a transporter.
 18372 | Gauntlet | Found a transporter.
 18375 | Gauntlet | Found a transporter.
 18377 | Gauntlet | Found a transporter.
 18377 | Gauntlet | Found a transporter.
 18377 | Gauntlet | Noticed a cacodemon
 18381 | Gauntlet | Found a transporter.
 18413 | Gauntlet | Found a transporter.
 18431 | Gauntlet | Found a transporter.
 18464 | Gauntlet | Found a transporter.
 18485 | Gauntlet | Found a transporter.
 18581 | Gauntlet | Found a transporter.
 18595 | Gauntlet | Found a transporter.
 18787 | Gauntlet | Reached XP level 15. HP: 89/105 MP: 23/26
 18805 | Gauntlet | Got a glittering sapphire amulet
 18842 | Gauntlet | Identified the amulet of Naimiyx {Acrobat Fragile MP+9
                  | Str+8 Int+2} (You found it in a Gauntlet)
 18859 | Gauntlet | Gained mutation: Your magical capacity is low. (-10% MP) [a
                  | cacodemon]
 18862 | Gauntlet | Killed a cacodemon
 19165 | D:15     | Bought a scroll of identify for 30 gold pieces
 19165 | D:15     | Bought a scroll of identify for 30 gold pieces
 19211 | D:15     | Bought a faintly glowing large shield for 313 gold pieces
 19221 | D:15     | Identified the +0 large shield "Qargh" {Slay+2} (You bought
                  | it in a shop on level 15 of the Dungeon)
 19238 | D:15     | Found a staircase to the Depths.
 19316 | D:15     | Gained mutation: Your muscles are strong. (Str +2)
                  | [evolution]
 19316 | D:15     | Lost mutation: You evolve. [end of evolution]
 19351 | D:15     | Lost mutation: You are resistant to hostile enchantments.
                  | (MR+) [potion of mutation]
 19351 | D:15     | Lost mutation: Scrolls take you a little longer to read.
                  | [potion of mutation]
 19351 | D:15     | Lost mutation: Your magical capacity is low. (-10% MP)
                  | [potion of mutation]
 19351 | D:15     | Lost mutation: Your muscles are strong. (Str +2) [potion of
                  | mutation]
 19351 | D:15     | Gained mutation: Your body sometimes deteriorates upon
                  | taking damage. [potion of mutation]
 19351 | D:15     | Gained mutation: You possess an exceptional clarity of
                  | mind. [potion of mutation]
 19352 | D:15     | Lost mutation: You possess an exceptional clarity of mind.
                  | [potion of mutation]
 19352 | D:15     | Lost mutation: Your spells are a little easier to cast, but
                  | a little less powerful. [potion of mutation]
 19352 | D:15     | Lost mutation: Your body sometimes deteriorates upon taking
                  | damage. [potion of mutation]
 19352 | D:15     | Gained mutation: Your muscles are strong. (Str +2) [potion
                  | of mutation]
 19352 | D:15     | Gained mutation: Your natural rate of healing is unusually
                  | fast. [potion of mutation]
 19352 | D:15     | Gained mutation: Your mind is acute. (Int +2) [potion of
                  | mutation]
 19416 | D:15     | Found an opulent altar of Gozag.
 19556 | D:15     | Noticed a reaper
 19879 | D:15     | Bought a potion of brilliance for 76 gold pieces
 19879 | D:15     | Bought a potion of curing for 57 gold pieces
 19879 | D:15     | Bought a potion of magic for 152 gold pieces
 19879 | D:15     | Bought a potion of curing for 57 gold pieces
 19879 | D:15     | Bought a potion of curing for 57 gold pieces
 19879 | D:15     | Bought a potion of agility for 76 gold pieces
 20032 | Orc:1    | Bought a pair of smoking boots for 285 gold pieces
 20042 | Orc:1    | Identified the +2 pair of boots of Wu Jian's Approval
                  | {-Tele rPois SInv} (You bought it in a shop on level 1 of
                  | the Orcish Mines)
 20156 | Lair:1   | Entered Level 1 of the Lair of Beasts
 20561 | Lair:1   | Reached skill level 10 in Fighting
 22295 | Lair:3   | Found a staircase to the Snake Pit.
 22403 | Lair:3   | Found a staircase to the Swamp.
 22707 | Lair:3   | Was forgiven by Kikubaaqudgha
 23007 | Lair:4   | Reached skill level 10 in Spellcasting
 23553 | Lair:5   | Reached XP level 16. HP: 114/114 MP: 22/30
 23744 | Lair:5   | Found a staircase to the Slime Pits.
 24371 | Lair:6   | Entered Level 6 of the Lair of Beasts
 24729 | Lair:6   | Identified the Guide on Quantum Transmigration
 24756 | Lair:6   | Got a pitted fustibalus
 24758 | Lair:6   | Got a dazzling plate armour
 25431 | Swamp:1  | Entered Level 1 of the Swamp
 25483 | Swamp:1  | Noticed a thorn hunter
 25488 | Swamp:1  | Reached skill level 1 in Evocations
 25494 | Swamp:1  | Killed a thorn hunter
 25562 | Snake:1  | Entered Level 1 of the Snake Pit
 25616 | Snake:1  | Noticed a nagaraja
 25616 | Snake:1  | Noticed Donald
 25634 | Snake:1  | Killed a nagaraja
 25642 | Snake:1  | Killed Donald
 25666 | Snake:1  | Reached skill level 10 in Earth Magic
 25712 | Snake:1  | Reached XP level 17. HP: 110/120 MP: 11/34
 25750 | Snake:1  | Reached skill level 10 in Necromancy
 25773 | Snake:1  | Reached skill level 5 in Evocations
 25876 | Snake:1  | Found a runed translucent gate.
 25876 | Snake:1  | Found a runed translucent gate.
 25876 | Snake:1  | Found a runed translucent gate.
 25876 | Snake:1  | Noticed Pas Vaeh's ghost (adept CeAM)
 25876 | Snake:1  | Noticed Hylith's ghost (adept FoFi)
 25877 | Snake:1  | Noticed Kicir's ghost (adept GnFi)
 26022 | Snake:1  | Killed Kicir's ghost
 26034 | Snake:1  | Killed Hylith's ghost
 26170 | Snake:1  | Killed Pas Vaeh's ghost
 26657 | Snake:2  | Found a sparkling altar of Nemelex Xobeh.
 26814 | Snake:2  | Reached skill level 11 in Necromancy
 27761 | Snake:3  | Found Qemodda's Antique Weapon Shop.
 27902 | Snake:3  | Reached skill level 12 in Necromancy
 28046 | Snake:3  | Noticed Jorgrun
 28056 | Snake:3  | Killed Jorgrun
 28198 | Snake:3  | Reached XP level 18. HP: 97/126 MP: 35/35
 28204 | Snake:3  | Reached skill level 13 in Necromancy
 28699 | Snake:4  | Entered Level 4 of the Snake Pit
 28787 | Snake:4  | Reached skill level 14 in Necromancy
 28870 | Snake:4  | Reached skill level 15 in Necromancy
 29370 | Snake:4  | Reached skill level 16 in Necromancy
 29401 | Snake:4  | Reached XP level 19. HP: 92/132 MP: 17/36
 29460 | Snake:4  | Got a serpentine rune of Zot
 29563 | Snake:4  | Found Beh Imech's Magic Scroll Emporium.
 29616 | Snake:4  | Bought a scroll of identify for 30 gold pieces
 29616 | Snake:4  | Bought a scroll of identify for 30 gold pieces
 29616 | Snake:4  | Bought a scroll of summoning for 142 gold pieces
 29616 | Snake:4  | Bought a scroll of identify for 30 gold pieces
 29616 | Snake:4  | Bought a scroll of summoning for 142 gold pieces
 30003 | Lair:3   | Learned a level 8 spell: Necromutation
 30013 | Lair:3   | Learned a level 9 spell: Shatter
 30254 | Swamp:1  | Noticed Aizul
 30270 | Swamp:1  | Killed Aizul
 30726 | Swamp:2  | Reached skill level 17 in Necromancy
 31819 | Swamp:3  | Found a transporter.
 31819 | Swamp:3  | Noticed kmx's ghost (adept GnWz)
 31897 | Swamp:3  | Found a transporter.
 31963 | Swamp:3  | Noticed Kirke
 31981 | Swamp:3  | Reached skill level 18 in Necromancy
 32010 | Swamp:2  | Killed Kirke
 32408 | Swamp:3  | Killed kmx's ghost
 32500 | Swamp:4  | Entered Level 4 of the Swamp
 32837 | Swamp:4  | Noticed Nikola
 32866 | Swamp:4  | Killed Nikola
 32873 | Swamp:4  | Reached XP level 20. HP: 139/139 MP: 21/37
 32929 | Swamp:4  | Reached skill level 19 in Necromancy
 32984 | Swamp:4  | Reached skill level 1 in Transmutations
 33288 | Swamp:4  | Mangled by a titanic slime creature

Skill      XL: |  1  2  3  4  5  6  7  8  9 10 11 12 13 14 15 16 17 18 19 20 |
---------------+-------------------------------------------------------------+-----
Conjurations   | 1 2 3 4 5 6 |  6.0
Poison Magic   | 3 5 6 |  6.0
Fire Magic     | 2 4 |  4.1
Air Magic      | 2 3 4 |  4.3
Polearms       | 1 2 5 |  5.0
Spellcasting   | 7 10 13 | 13.3
Fighting       | 3 5 8 10 | 10.0
Armour         | 5 8 9 |  9.0
Dodging        | 3 6 7 |  7.0
Shields        | 6 9 14 15 | 15.0
Earth Magic    | 5 9 10 12 | 12.0
Necromancy     | 4 9 12 16 18 19 | 19.0
Evocations     | 4 6 |  6.1
Transmutations | 4 |  4.5
Stealth        | |  2.4
Charms         | |  0.2
Summonings     | |  1.0
Translocations | |  0.8
Ice Magic      | |  0.2

Action                   |  1- 3 |  4- 6 |  7- 9 | 10-12 | 13-15 | 16-18 | 19-21 || total
-------------------------+-------+-------+-------+-------+-------+-------+-------++-------
Melee: Dagger            |     7 |       |       |       |       |       |       ||     7
       Short sword       |     3 |       |       |       |       |       |       ||     3
       Long sword        |       |    54 |    15 |       |       |       |       ||    69
       Trident           |       |       |   114 |    58 |       |       |       ||   172
       Spear             |       |       |   146 |   645 |  1114 |   862 |   457 ||  3224
       Hand axe          |       |       |       |     2 |       |       |       ||     2
 Fire: Shortbow          |       |       |    50 |       |       |       |       ||    50
 Cast: Magic Dart        |    68 |   149 |    61 |    48 |     2 |       |       ||   328
       Mephitic Cloud    |       |     6 |    21 |    47 |    41 |    33 |     2 ||   150
       Conjure Flame     |       |     2 |    33 |    61 |    42 |    22 |    44 ||   204
       Borgnjor's Vile C |       |       |       |    10 |    93 |   128 |   106 ||   337
       Sublimation of Bl |       |       |       |     2 |    13 |     1 |     6 ||    22
       Dispel Undead     |       |       |       |       |     7 |    12 |    11 ||    30
Invok: Receive Necronomi |       |       |       |       |     1 |       |       ||     1
       Renounce Religion |       |       |       |       |     1 |       |       ||     1
 Abil: Dig               |       |     2 |    12 |    28 |    24 |    16 |     4 ||    86
Evoke: Wand              |       |       |       |       |     1 |       |       ||     1
  Use: Potion            |       |       |     7 |     1 |     2 |     3 |     1 ||    14
       Scroll            |       |       |     6 |     9 |     5 |     1 |     3 ||    24
 Stab: Confused          |       |     2 |    13 |    20 |    26 |    22 |     1 ||    84
       Sleeping          |       |       |     2 |     1 |       |       |       ||     3
       Distracted        |       |       |       |       |     3 |     3 |       ||     6
       Paralysed         |       |       |       |       |       |     1 |       ||     1
  Eat: Chunk             |     1 |     8 |    18 |    26 |    10 |       |       ||    63
       Ration            |       |       |       |       |    16 |     6 |     4 ||    26
Armor: Robe              |     1 |    25 |    31 |     9 |       |       |       ||    66
       Scale mail        |       |       |       |   117 |   229 |   171 |   147 ||   664
Dodge: Dodged            |    14 |    51 |    82 |   116 |   235 |   200 |   147 ||   845
Block: Shield            |       |       |       |   141 |   132 |       |       ||   273
       Large shield      |       |       |       |       |   499 |   598 |   450 ||  1547
       Rpst.: Long sword |       |    18 |     8 |       |       |       |       ||    26
